 Dungeon Crawl Stone Soup version 0.31.0-11-ge490571c62 (webtiles) character file.

Game seed: 12586473510558632332

172 qw the Shooter (level 5, -2/26 HPs)
             Began as a Spriggan Hunter on Feb 5, 2024.
             Slain by a gnoll
             ... wielding a +0 flail
             ... led by a gnoll bouda
              (9 damage)
             ... on level 3 of the Dungeon.
             The game lasted 00:00:59 (1997 turns).

qw the Shooter (Spriggan Hunter)                    Turns: 1997, Time: 00:01:00

Health: -2/26      AC:  2    Str:  7    XL:     5   Next: 27%
Magic:  6/6        EV: 20    Int: 10    God:
Gold:   111        SH:  0    Dex: 21    Spells: 4/4 levels left

rFire   . . .        a - +0 shortbow
rCold   + . .        (shield currently unavailable)
rNeg    . . .        c - +0 robe
rPois   .            (helmet restricted)
rElec   .            (no cloak)
rCorr   .            (gloves unavailable)
SInv    +            (boots unavailable)
Will    .....        (no amulet)
Stlth   ++           i - ring of protection from cold
HPRegen 0.24/turn    (no ring)
MPRegen 0.10/turn

%: no passive effects
@: very quick
A: very small, no large weapons, unfitting armour, see invisible, speed 3
a: no special abilities


You were on level 3 of the Dungeon.
You visited 1 branch of the dungeon, and saw 4 of its levels.

You collected 111 gold pieces.


Innate Abilities, Weirdness & Mutations

You are very small and have problems with some larger weapons.
You are too small for most types of armour.
You have supernaturally acute eyesight. (SInv)
You cover ground extremely quickly. (Speed+++)


   Skills:
 - Level 2.0 Fighting
 + Level 5.4 Ranged Weapons
 - Level 5.2 Dodging
 - Level 1.5 Stealth


You had 4 spell levels left.
You didn't know any spells.
Your spell library was empty.

Inventory:

Hand Weapons
 a - a +0 shortbow (weapon)
Armour
 c - a +0 robe (worn)
Jewellery
 i - a ring of protection from cold (left hand)
Potions
 b - a potion of mutation
 d - a potion of resistance {unknown}
 g - a potion of curing

Dungeon Overview and Level Annotations

Branches:
Dungeon (4/15)
 Temple: D:4-7

Altars:
Hepliaklqana


Message History

The gnoll barely misses you. The gnoll closely misses you.
The gnoll bouda hits you with a +0 club.
The gnoll barely misses you.
You climb upwards.
There is a stone staircase leading down here.
You shoot an arrow.
The arrow hits the gnoll bouda but does no damage.
The gnoll bouda closely misses you. The gnoll completely misses you.
You shoot an arrow. The arrow hits the gnoll bouda.
The gnoll bouda is lightly wounded.
The gnoll bouda barely misses you. The gnoll misses you.
You shoot an arrow.
The arrow closely misses the gnoll bouda.
The gnoll bouda misses you. The gnoll misses you. The gnoll bouda misses you.
The gnoll barely misses you.
You shoot an arrow. The arrow hits the gnoll bouda.
The gnoll bouda is heavily wounded.
The gnoll bouda completely misses you. The gnoll misses you.
You shoot an arrow.
The arrow barely misses the gnoll bouda.
The gnoll bouda closely misses you. The gnoll barely misses you.
You shoot an arrow. The arrow hits the gnoll bouda.
The gnoll bouda is heavily wounded.
The gnoll bouda closely misses you. The gnoll misses you.
You shoot an arrow. The arrow hits the gnoll bouda!
You kill the gnoll bouda!
The gnoll hits you with a +0 flail!
Ouch! That really hurt!
You shoot an arrow. The arrow barely misses the gnoll.
The gnoll closely misses you.
You shoot an arrow. The arrow closely misses the gnoll.
The gnoll completely misses you.
You shoot an arrow. The arrow hits the gnoll.
The gnoll is lightly wounded.
The gnoll completely misses you. The gnoll closely misses you.
You shoot an arrow.
The arrow hits the gnoll but does no damage.
The gnoll is lightly wounded.
The gnoll hits you with a +0 flail!
You die...

...###.###..............########.
#### #.###...##.#.......### ##
#..##.####.#.........## #
#####.##.# #.#.......#..## ###
#........# #.#[......##.)###..
#........####..................
#..........###.............##..
#........#..##.)..........##...
######)####..g@..........).....
#.####....................
##.........................
##................[.........
#...........................
#.....................>.....
#..........#..#.............
#...%......#.###............
#..........#####...|....)...


You could see a gnoll (swift).

Vanquished Creatures
  A gnoll bouda (D:3)
  An orc priest (D:3)
  Terence (D:2)
  3 adders
  A dart slug (D:1)
  A ribbon worm (D:2)
  4 orcs
  6 ball pythons
  6 bats
  3 endoplasms
  5 giant cockroaches
  8 goblins
  2 hobgoblins
  5 quokkas
  2 kobolds
  2 rats (D:2)
51 creatures vanquished.

Notes
Turn   | Place    | Note
-------+----------+-------------------------------------------
     0 | D:1      | qw the Spriggan Hunter began the quest for the Orb.
     0 | D:1      | Reached XP level 1. HP: 10/10 MP: 2/2
     0 | D:1      | 0 ||| qw: Version: 0.3-a-160-g6735b56
     0 | D:1      | 0 ||| qw: Game counter: 6360
     0 | D:1      | 0 ||| qw: Melee chars always use a shield: true
     0 | D:1      | 0 ||| qw: God list: Okawaru
     0 | D:1      | 0 ||| qw: Allow faded altars: false
     0 | D:1      | 0 ||| qw: Do Orc after clearing Dungeon:15 true
     0 | D:1      | 0 ||| qw: Do second Lair branch before Depths: true
     0 | D:1      | 0 ||| qw: Lair rune preference: random
     0 | D:1      | 0 ||| qw: Goals: Normal
     0 | D:1      | 0 ||| PLANNING D:1-11
   103 | D:1      | Reached skill level 3 in Dodging
   201 | D:1      | Reached XP level 2. HP: 14/14 MP: 3/3
   743 | D:1      | Found a faded altar of an unknown god.
   745 | D:1      | 745 ||| READING scroll labelled NOAGOSI YLAEN.
   746 | D:1      | 746 ||| READING scroll labelled SYDOHUCKELAO.
   746 | D:1      | 746 ||| IDENTIFYING fuming green potion
   747 | D:1      | 747 ||| DROPPING scroll of butterflies.
   748 | D:1      | 748 ||| DROPPING potion of degeneration.
   800 | D:2      | Noticed Terence
   806 | D:2      | Killed Terence
   807 | D:2      | Reached XP level 3. HP: 18/18 MP: 4/4
   814 | D:2      | 814 ||| STAIRDANCE
   827 | D:1      | HP: 4/18 [poisoned by an adder]
   903 | D:2      | Reached XP level 4. HP: 22/22 MP: 5/5
  1243 | D:2      | 1243 ||| UPGRADING to ring of protection from cold.
  1244 | D:2      | 1244 ||| READING scroll of identify.
  1244 | D:2      | 1244 ||| IDENTIFYING glowing green potion
  1245 | D:2      | 1245 ||| READING scroll labelled ZIEBBI LIMAMP.
  1246 | D:2      | 1246 ||| READING scroll labelled MAMIK GOSCHACZUMP.
  1250 | D:2      | 1250 ||| READING scroll labelled LIYRGH YNEMONG.
  1251 | D:2      | 1251 ||| READING scroll labelled VIGHOI MYPT.
  1252 | D:2      | 1252 ||| DRINKING 2 grey potions.
  1254 | D:2      | 1254 ||| Stepping ~*~*~tactically~*~*~ (cloud).
  1262 | D:2      | HP: 5/22 [poisoned by you (poison gas)]
  1354 | D:3      | Found a hazy altar of Hepliaklqana.
  1392 | D:3      | 1392 ||| RETREEEEATING.
  1393 | D:3      | 1393 ||| RETREEEEATING.
  1402 | D:3      | 1402 ||| FLEEEEING.
  1403 | D:3      | 1403 ||| FLEEEEING.
  1404 | D:3      | 1404 ||| FLEEEEING.
  1405 | D:3      | 1405 ||| FLEEEEING.
  1406 | D:3      | 1406 ||| FLEEEEING.
  1407 | D:3      | 1407 ||| FLEEEEING.
  1408 | D:3      | 1408 ||| FLEEEEING.
  1409 | D:3      | 1409 ||| FLEEEEING.
  1410 | D:3      | 1410 ||| FLEEEEING.
  1411 | D:3      | 1411 ||| FLEEEEING.
  1412 | D:3      | 1412 ||| FLEEEEING.
  1413 | D:3      | 1413 ||| FLEEEEING.
  1414 | D:3      | 1414 ||| FLEEEEING.
  1415 | D:3      | 1415 ||| FLEEEEING.
  1416 | D:3      | 1416 ||| FLEEEEING.
  1417 | D:3      | 1417 ||| FLEEEEING.
  1418 | D:3      | 1418 ||| FLEEEEING.
  1419 | D:3      | 1419 ||| FLEEEEING.
  1420 | D:3      | 1420 ||| FLEEEEING.
  1421 | D:3      | 1421 ||| FLEEEEING.
  1422 | D:3      | 1422 ||| STAIRDANCE
  1460 | D:2      | 1460 ||| READING scroll of identify.
  1460 | D:2      | 1460 ||| IDENTIFYING scroll labelled TATOAS CUUT
  1461 | D:2      | 1461 ||| DROPPING scroll of immolation.
  1499 | D:3      | 1499 ||| STAIRDANCE
  1563 | D:3      | 1563 ||| STAIRDANCE
  1570 | D:3      | 1570 ||| STAIRDANCE
  1775 | D:3      | Reached XP level 5. HP: 21/26 MP: 6/6
  1981 | D:4      | 1981 ||| PLANNING OSSUARY
  1981 | D:4      | 1981 ||| STAIRDANCE
  1985 | D:4      | 1985 ||| STAIRDANCE
  1993 | D:3      | HP: 6/26 [gnoll/+0 flail[a gnoll bouda] (13)]
  1997 | D:3      | Slain by a gnoll

Levels and vault maps discovered:
D:1:      lemuel_arrival_lava_pool, layout_basic, basic_ecumenical_altar,
          nicolae_houndstooth_variations
D:2:      layout_rooms, uniq_terence
D:3:      layout_rooms, mainiacjoe_overflow_concentric_impassable
D:4:      layout_loops_ring, mainiacjoe_overflow_24_doors, temple_fountains,
          lightli_ossuary_entry_decrepit_ruins

Skill      XL: |  1  2  3  4 |
---------------+-------------+-----
Dodging        | 3 4 5 |  5.2
Ranged Weapons | 5 |  5.4
Fighting       | 2 |  2.0
Stealth        | |  1.5

Action                     |  1- 3 |  4- 6 || total
---------------------------+-------+-------++-------
   Fire: Shortbow          |    55 |    92 ||   147
    Use: Scroll            |     2 |     6 ||     8
         Potion            |       |     1 ||     1
 Armour: Robe              |     7 |    11 ||    18
  Dodge: Dodged            |    29 |    41 ||    70

Table legend:
 A = Non-vault XP
 B = Vault XP
 C = Vault XP percentage of total XP
 D = Non-vault monster count
 E = Vault monster count
 F = Vault count percentage of total count
                 A         B        C        D         E       F
            +---------+---------+-------+---------+---------+-------
      Total |     210 |      36 |  14.6 |      50 |       1 |   2.0
            +---------+---------+-------+---------+---------+-------
        D:1 |      44 |       0 |   0.0 |      17 |       0 |   0.0
        D:2 |      55 |      36 |  39.6 |      22 |       1 |   4.3
        D:3 |     111 |       0 |   0.0 |      11 |       0 |   0.0
            +---------+---------+-------+---------+---------+-------
